 Dungeon Crawl Stone Soup version 0.32-a0-814-g0968bab981 (webtiles) character file.

Game seed: 15934068402693617381

15404 AeshMezareph the Fighter (level 12, 0/139 HPs)
             Began as an Oni Warper on Mar 20, 2024.
             Was an Elder of the Shining One.
             Killed from afar by Fannar (31 damage)
             ... with a bolt of cold
             ... on level 11 of the Dungeon on Mar 22, 2024.
             The game lasted 01:07:26 (13471 turns).

AeshMezareph the Fighter (Oni Warper)              Turns: 13471, Time: 01:07:26

Health: 0/139      AC:  4    Str: 34    XL:     12   Next: 26%
Magic:  23/23      EV:  8    Int: 14    God:    the Shining One [****..]
Gold:   823        SH:  0    Dex:  8    Spells: 17/26 levels left

rFire   . . .        R - +0 giant spiked club
rCold   . . .        (shield currently unavailable)
rNeg    + + .        g - +0 troll leather armour
rPois   .            (helmet restricted)
rElec   .            (no cloak)
rCorr   .            (gloves unavailable)
SInv    .            (boots unavailable)
Will    +....        P - amulet of regeneration
Stlth   +            G - +6 ring of strength
HPRegen 2.03/turn    M - +6 ring of strength
MPRegen 0.18/turn

%: no passive effects
@: glowing
A: large, unfitting armour, horns 1, tough skin 1, double potion healing,
drunken brawling
a: Renounce Religion, Divine Shield, Cleansing Flame


You were on level 11 of the Dungeon.
You worshipped the Shining One.
The Shining One was greatly pleased with you.
You visited 3 branches of the dungeon, and saw 14 of its levels.
You also visited: Sewer.

You collected 1183 gold pieces.
You spent 360 gold pieces at shops.

Inventory:

Hand Weapons
 n - the +3 war axe of Indignation {spect, rC+ Will+ Int+3 Dex-3}
   (You found it on level 2 of the Dungeon)

   Int+3:     It affects your intelligence (+3).
   Dex-3:     It affects your dexterity (-3).
   rC+:       It protects you from cold.
   Will+:     It increases your willpower.
 R - a +0 giant spiked club (weapon)
Missiles
 d - 6 darts of dispersal (quivered)
 z - 3 curare-tipped darts
 H - 19 poisoned darts
 N - 6 throwing nets
Armour
 g - a +0 troll leather armour (worn)
Jewellery
 v - a ring of magical power
 x - a ring of protection from fire
 B - a ring of protection from cold
 G - a +6 ring of strength (left hand)
 M - a +6 ring of strength (right hand)
 P - an amulet of regeneration (around neck)
 X - an amulet of reflection
 Z - a ring of wizardry
Wands
 a - a wand of paralysis (3)
 A - a wand of mindburst (8)
 Q - a wand of iceblast (6)
Scrolls
 c - 5 scrolls of blinking
 e - a scroll of fog {unknown}
 f - 3 scrolls of poison {unknown}
 j - a scroll of torment {unknown}
 k - 7 scrolls of vulnerability
 l - a scroll of acquirement {unknown}
 s - 3 scrolls of amnesia {unknown}
 y - 4 scrolls of enchant armour {unknown}
 C - 2 scrolls of noise {unknown}
 E - 3 scrolls of summoning {unknown}
 J - 6 scrolls of teleportation {unknown}
 S - a scroll of revelation {unknown}
 T - a scroll of immolation {unknown}
Potions
 b - 2 potions of degeneration {unknown}
 h - 3 potions of haste
 m - a potion of magic
 o - 2 potions of berserk rage
 t - 2 potions of brilliance {unknown}
 u - 2 potions of enlightenment
 F - 5 potions of mutation
 I - 2 potions of might
 L - 3 potions of curing
 O - a potion of cancellation {unknown}
Miscellaneous
 w - a phial of floods
 U - a lightning rod (4/4)
 V - a box of beasts
 W - a phantom mirror


   Skills:
 * Level 14.1 Fighting
 * Level 11.0 Maces & Flails
 - Level 2.4 Throwing
 - Level 2.1 Dodging
 + Level 7.8 Spellcasting
 + Level 7.4 Translocations
 + Level 8.2 Invocations


You had 17 spell levels left.
You knew the following spells:

 Your Spells              Type           Power      Damage    Failure   Level
a - Blink                 Tloc           52%        N/A       1%          2
b - Teleport Other        Tloc           26%        N/A       1%          3
c - Manifold Assault      Tloc           26%        N/A       7%          4

Your spell library contained the following spells:

 Spells                   Type           Power      Damage    Failure   Level
 Apportation              Tloc           52%        N/A       1%          1
 Lesser Beckoning         Tloc           52%        N/A       1%          2
 Freeze                   Ice            20%        1d4       14%         1
 Sandblast                Erth           10%        2d5       14%         1
 Slow                     Hex            20%        N/A       14%         1
 Cigotuvi's Dreadful Rot  Necr/Alch/Air  10%        N/A       22%         2
 Jinxbite                 Hex            10%        N/A       22%         2
 Static Discharge         Conj/Air       10%        3-4/arc   22%         2
 Vhi's Electric Charge    Tloc/Air       30%        N/A       30%         4
 Confusing Touch          Hex            5%         N/A       41%         3
 Ozocubu's Armour         Ice            5%         N/A       41%         3
 Stone Arrow              Conj/Erth      10%        3d7       41%         3
 Vampiric Draining        Necr           5%         2d6       41%         3
 Airstrike                Air            2%         2d(1-17)  82%         4
 Brom's Barrelling Bould  Conj/Erth      5%         2d3       82%         4
 Ignite Poison            Fire/Alch      5%         N/A       82%         4
 Alistair's Intoxication  Alch           3%         N/A       99%         5
 Freezing Cloud           Conj/Ice/Air   2%         6-21      99%         5


Dungeon Overview and Level Annotations

Branches:
Dungeon (11/15)            Temple (1/1) D:4            Lair (2/5) D:10
    Orc (0/2) D:11          Sewer (visited)
  Swamp: Lair:2-3    Shoals: Lair:2-3     Snake: Lair:2-3    Spider: Lair:2-3

Altars:
Ashenzari
Cheibriados
Dithmenos
Elyvilon
Fedhas
Gozag
Hepliaklqana
Kikubaaqudgha
Makhleb
Nemelex Xobeh
Okawaru
Qazlal
Ru
Sif Muna
Trog
Uskayaw
Vehumet
Wu Jian
Xom
Yredelemnul
Zin
The Shining One
Beogh

Shops:
D:8 [=   D:10 *

Annotations:
D:2 1 runed translucent door, Crazy Yiuf
D:4 1 runed translucent door, schroeder's ghost, amateur MiBe
D:8 3 runed translucent doors, 1 transporter, Drangen's ghost, novice CoHu
D:11 Erolcha; Fannar


Innate Abilities, Weirdness & Mutations

You are too large for most types of armour.
You have a pair of small horns on your head.
You have tough skin. (AC +1)
You gain doubled healing and magic from potions.
Whenever you drink a healing potion, you attack all around you.


Message History

Fannar freezes you. Fannar closely misses you.
Unknown command.
You closely miss Fannar. You headbutt Fannar, but do no damage.
Fannar is heavily wounded.
Fannar hits you with a +0 quarterstaff of freezing!
Fannar freezes you.
Unknown command.
You closely miss Fannar. Your headbutt misses Fannar.
Fannar is heavily wounded.
Fannar hits you with a +0 quarterstaff of freezing!
Fannar freezes you.
Unknown command.
You beat Fannar like a drum!!!
Fannar is almost dead.
Fannar hits you with a +0 quarterstaff of freezing!
Fannar freezes you.
Unknown command.
You barely miss Fannar.
Fannar is almost dead.
Fannar misses you.
Fannar hits you with a +0 quarterstaff of freezing.
Fannar freezes you.
Unknown command.
You barely miss Fannar. You headbutt Fannar, but do no damage.
Fannar is almost dead.
Fannar casts a spell.
Fannar drains the heat from the surrounding environment!
* * * LOW HITPOINT WARNING * * *
Unknown command.
You barely miss Fannar.
Fannar is almost dead.
Fannar hits you with a +0 quarterstaff of freezing.
* * * LOW HITPOINT WARNING * * *
Fannar freezes you.
* * * LOW HITPOINT WARNING * * *
You barely miss Fannar. You headbutt Fannar, but do no damage.
Fannar is almost dead.
Fannar points at you and mumbles some strange words.
The bolt of cold hits you!!
You die...

#### ############ #...
####......^.... #...
#.............. #...
##.##..<........ #...
#####
.......).####..######...
.....
...##..@#.###....#..##..
(..>.
#..##.e#....#........'..
.....
#....#.....#........#..
.....
..#..#......#........#..
.....
..##..##..(#........#..
.....
#..##..##.########...#..
....#
..#..#...)..#...##...###
....#
#....#.....#....#.....'
....#
#..##..#)...#....#.....#


You could see Fannar.

Vanquished Creatures
  A boulder beetle (D:10)
  A death yak (Lair:1)
  2 two-headed ogres
  Amaemon (Lair:1)
  Lodul (D:11)
  Pikel (D:5)
  A black mamba (Lair:1)
  2 cane toads (Lair:1)
  An orange demon (Lair:1)
  An unseen horror (D:11)
  4 trolls
  Prince Ribbit (D:6)
  2 wyverns
  3 wraiths
  Eustachio (D:5)
  8 yaks
  6 steam dragons
  Menkaure (D:7)
  4 vampire mosquitoes (D:11)
  2 water moccasins (Lair:1)
  Edmund (D:5)
  6 orc warriors
  An ice beast (D:7)
  A sky beast (D:6)
  A black bear (D:6)
  8 ogres
  A wolf (D:10)
  A centaur (D:9)
  3 lemures (D:5)
  3 phantoms
  A kobold brigand (D:8)
  7 bullfrogs
  A gnoll sergeant (D:8)
  8 scorpions
  13 wights
  6 killer bees
  An electric eel (D:10)
  3 howler monkeys
  9 orc priests
  A quasit (D:4)
  3 jellies
  2 gnoll boudas
  8 hounds
  Terence (D:2)
  3 iguanas
  6 orc wizards
  2 sleepcaps
  Robin (D:2)
  13 gnolls
  10 adders
  6 shadow imps
  3 white imps
  4 ufetubi
  8 dart slugs
  3 ribbon worms
  29 orcs
  11 ball pythons
  4 endoplasms
  8 giant cockroaches
  17 goblins
  3 hobgoblins
  5 jackals
  4 quokkas
  9 bats
  10 frilled lizards
  10 kobolds
  13 rats
316 creatures vanquished.

Vanquished Creatures (others)
  2 spectral weapons
2 creatures vanquished.

Grand Total: 318 creatures vanquished

Notes
Turn   | Place    | Note
-------+----------+-------------------------------------------
     0 | D:1      | AeshMezareph the Oni Warper began the quest for the Orb.
     0 | D:1      | Reached XP level 1. HP: 22/22 MP: 3/3
   115 | D:1      | Reached skill level 3 in Fighting
   278 | D:1      | Reached XP level 2. HP: 31/31 MP: 5/5
   750 | D:2      | Reached XP level 3. HP: 39/39 MP: 6/6
   754 | D:2      | Identified the +3 war axe of Indignation {spect, rC+ Will+
                  | Int+3 Dex-3}
   886 | D:2      | Noticed Robin
   893 | D:2      | Killed Robin
   894 | D:2      | Reached skill level 4 in Fighting
  1011 | D:2      | Noticed Terence
  1020 | D:2      | Killed Terence
  1021 | D:2      | Reached XP level 4. HP: 42/49 MP: 7/7
  1181 | D:2      | Found a runed translucent door.
  1182 | D:2      | Noticed Crazy Yiuf
  1253 | D:2      | You fall into a shaft and drop 2 floors!
  1285 | D:4      | Reached skill level 5 in Fighting
  1285 | D:4      | Reached XP level 5. HP: 46/57 MP: 8/8
  1404 | D:4      | Found an ancient bone altar of Kikubaaqudgha.
  1452 | D:3      | Found a burning altar of Makhleb.
  1685 | D:3      | Found a glowing drain.
  1707 | Sewer    | Entered a sewer
  2004 | Sewer    | Reached XP level 6. HP: 54/67 MP: 10/10
  2815 | D:4      | Found a hazy altar of Hepliaklqana.
  2940 | D:4      | Noticed schroeder's ghost (amateur MiBe)
  2975 | D:4      | Reached skill level 6 in Fighting
  2976 | D:4      | Reached XP level 7. HP: 62/75 MP: 11/11
  3052 | D:4      | Found a runed translucent door.
  3153 | D:4      | Found a staircase to the Ecumenical Temple.
  3163 | Temple   | Entered the Ecumenical Temple
  3175 | Temple   | Became a worshipper of the Shining One
  3179 | Temple   | Learned a level 2 spell: Blink
  3446 | D:5      | Entered Level 5 of the Dungeon
  3478 | D:5      | Reached skill level 5 in Maces & Flails
  3478 | D:5      | Reached skill level 1 in Invocations
  3533 | D:5      | Noticed Pikel
  3669 | D:5      | Killed Pikel
  3670 | D:5      | Reached skill level 7 in Fighting
  3670 | D:5      | Reached XP level 8. HP: 64/88 MP: 13/13
  3916 | D:5      | Noticed Edmund
  3923 | D:5      | Reached skill level 8 in Fighting
  4037 | D:5      | Killed Edmund
  4227 | D:5      | Identified the +10 plate armour "Maoseaqi" {rElec Int+4
                  | Stlth+}
  4230 | D:5      | Found a blossoming altar of Fedhas.
  4332 | D:5      | Found a shadowy altar of Dithmenos.
  4416 | D:5      | Reached * piety under the Shining One
  4524 | D:5      | Noticed a moth of wrath
  4527 | D:5      | Found a bloodstained altar of Trog.
  4696 | D:5      | Noticed Eustachio
  4702 | D:5      | Killed Eustachio
  4703 | D:5      | Reached skill level 9 in Fighting
  4703 | D:5      | Reached XP level 9. HP: 77/98 MP: 14/14
  5413 | D:6      | Got the Commentary on Chilblains
  5823 | D:6      | Reached skill level 5 in Translocations
  5924 | D:6      | Noticed Prince Ribbit
  5933 | D:6      | Killed Prince Ribbit
  5934 | D:6      | Reached skill level 10 in Fighting
  6186 | D:6      | Reached ** piety under the Shining One
  6293 | D:7      | Reached skill level 5 in Invocations
  6494 | D:7      | Found a glowing silver altar of Zin.
  6550 | D:7      | Reached XP level 10. HP: 111/111 MP: 17/17
  6751 | D:7      | Reached skill level 5 in Spellcasting
  6847 | D:7      | Noticed Menkaure
  7039 | D:7      | Killed Menkaure
  7555 | D:7      | Reached skill level 11 in Fighting
  7646 | D:7      | Learned a level 3 spell: Teleport Other
  7651 | D:7      | Learned a level 4 spell: Manifold Assault
  7710 | D:7      | Noticed a two-headed ogre
  8208 | D:8      | Found Tewougab's Jewellery Boutique.
  8214 | D:8      | Bought an amulet of regeneration for 360 gold pieces
  8260 | D:8      | Found a runed translucent gate.
  8261 | D:8      | Found a runed translucent gate.
  8261 | D:8      | Found a runed translucent gate.
  8261 | D:8      | Noticed Drangen's ghost (novice CoHu)
  8305 | D:8      | Reached *** piety under the Shining One
  8572 | D:8      | Found a sparkling altar of Nemelex Xobeh.
  8572 | D:8      | Found a transporter.
  8572 | D:8      | Noticed a cyclops
  8634 | D:8      | Found Ciedghot's Antique Armour Emporium.
  8710 | D:8      | Found a roughly hewn altar of Beogh.
  9351 | D:9      | Reached skill level 12 in Fighting
  9409 | D:9      | Reached XP level 11. HP: 112/123 MP: 20/20
  9694 | D:7      | Killed a two-headed ogre
  9740 | D:7      | Got the Essays on the Cloudy Oath
 10095 | D:10     | Entered Level 10 of the Dungeon
 10323 | D:10     | Found a staircase to the Lair.
 10336 | D:10     | Upgraded the game from 0.32-a0-791-gfc315c9ecd to
                  | 0.32-a0-798-gfa783ce77f
 10553 | D:10     | Found Yvesaump's Neck Hole.
 10651 | D:10     | Reached **** piety under the Shining One
 11050 | D:11     | Reached skill level 10 in Maces & Flails
 11064 | D:11     | Found an iron altar of Okawaru.
 11191 | D:11     | Reached skill level 13 in Fighting
 11196 | D:11     | Noticed Lodul
 11510 | D:11     | Found a staircase to the Orcish Mines.
 11603 | D:11     | Noticed a two-headed ogre
 11625 | D:11     | Killed a two-headed ogre
 11789 | D:10     | Upgraded the game from 0.32-a0-798-gfa783ce77f to
                  | 0.32-a0-814-g0968bab981
 11929 | D:10     | Noticed a boulder beetle
 11989 | D:10     | Killed a boulder beetle
 12052 | Lair:1   | Entered Level 1 of the Lair of Beasts
 12508 | Lair:1   | Reached XP level 12. HP: 137/137 MP: 23/23
 12828 | Lair:1   | Noticed Amaemon
 12847 | Lair:1   | Killed Amaemon
 12849 | Lair:1   | HP: 4/137 [poisoned by a scorpion]
 13303 | D:11     | Noticed Erolcha
 13303 | D:11     | Noticed Fannar
 13355 | Lair:2   | Noticed a death yak
 13355 | Lair:2   | Noticed a death yak
 13355 | Lair:2   | Noticed a death yak
 13355 | Lair:2   | Noticed a death yak
 13355 | Lair:2   | Noticed a death yak
 13355 | Lair:2   | Noticed a death yak
 13360 | Lair:1   | Killed a death yak
 13361 | Lair:1   | Reached skill level 14 in Fighting
 13441 | D:11     | Killed Lodul
 13471 | D:11     | Killed from afar by Fannar

Illustrated notes

Levels and vault maps discovered:
D:1:      giann_horns, layout_basic
D:2:      layout_rooms, hangedman_feature_mirror, uniq_crazy_yiuf_cottage,
          uniq_terence, uniq_robin
D:3:      layout_loops_ring, bloody_makhleb, cheibrodos_sewer_entry_drain
D:4:      layout_basic, old_standard_altar, kennysheep_little_box,
          minmay_temple_entry_purple_smoke, serial_demonic, serial_demonic_g,
          serial_demonic_f, serial_demonic_e, serial_demonic_g,
          hellmonk_ghost_happy_afterlife, minmay_misc_feat_rows
D:5:      layout_loops_ring, amcnicky_altar_gilded,
          lemuel_coloured_pillars_altar, tgw_trog, serial_bayou_pond_b,
          uniq_edmund, uniq_eustachio, uniq_pikel
D:6:      layout_basic, st_stairs_8, uniq_prince_ribbit1
D:7:      minmay_the_grid_octo_triangle [minmay_the_grid_octo_clover_2,
          minmay_the_grid_octo_prize_ultimate_mussel_roller,
          minmay_the_grid_octo_fan_narrow], layout_basic,
          nicolae_overflow_crystal_walls, serial_corexii_hall,
          corexii_hall_statues_i, corexii_hall_statues_t, uniq_menkaure
D:8:      layout_loops_ring, grunt_nemelex_the_gamble, serial_shops, shop,
          nicolae_shop_gaudy_bauble, biasface_ghost_orc_armoury
D:9:      cheibrodos_steamvent, layout_cave_pools
D:10:     layout_basic, erik_lair_island, nicolae_shop_sticking_my_neck_out
D:11:     layout_gridville, david_orc_3, minivault_26, dk_noncrumbling_3,
          okawaru_gym_becter, uniq_erolcha, uniq_lodul, uniq_fannar
Temple:   nicolae_temple_great_sept
Lair:1:   layout_regular_city, serial_bayou_crossing, uniq_amaemon
Lair:2:   layout_hall_layers, mainiacjoe_swamp_entry_lozenge_pond,
          nicolae_spider_entry_non_spiders, portal_ice_cave_entry_pillars_2

Skill      XL: |  1  2  3  4  5  6  7  8  9 10 11 12 |
---------------+-------------------------------------+-----
Fighting       | 3 4 5 6 7 9 10 12 13 14 | 14.1
Maces & Flails | 3 4 6 8 9 10 11 | 11.0
Translocations | 3 4 5 6 7 |  7.4
Spellcasting   | 3 4 6 7 |  7.8
Throwing       | 2 |  2.4
Invocations    | 2 3 5 6 7 8 |  8.2
Dodging        | |  2.1

Action                     |  1- 3 |  4- 6 |  7- 9 | 10-12 || total
---------------------------+-------+-------+-------+-------++-------
  Melee: Mace              |    58 |       |       |       ||    58
         Headbutt          |     5 |    16 |    28 |    60 ||   109
         War axe           |    28 |   128 |   175 |   228 ||   559
         Giant spiked club |       |       |       |    55 ||    55
  Throw: Large rock        |       |       |     7 |    13 ||    20
         Dart              |       |       |     1 |    10 ||    11
         Throwing net      |       |       |       |     1 ||     1
   Cast: Blink             |       |       |       |     1 ||     1
         Manifold Assault  |       |       |       |     4 ||     4
 Invoke: Divine Shield     |       |       |       |     1 ||     1
    Use: Scroll            |       |       |       |     9 ||     9
         Potion            |       |       |       |     2 ||     2
   Stab: Distracted        |       |     1 |       |       ||     1
 Armour: Robe              |    57 |    88 |   101 |    27 ||   273
         Troll leather arm |       |       |       |   266 ||   266
  Dodge: Dodged            |    39 |   102 |    90 |   122 ||   353
  Block: Other             |       |       |       |     2 ||     2

Table legend: (Time is in decaauts)
 A = Elapsed time spent in this place.
 B = Non-inter-level travel time spent in this place.
 C = Inter-level travel time spent in this place.
 D = Time resting spent in this place.
 E = Time spent auto-exploring this place.
 F = Levels seen in this place.
 G = Mean time per level.
                   A        B        C        D        E       F      G
               +--------+--------+--------+--------+--------+-----+--------+
         Total |  13727 |  11781 |   1946 |   2387 |   4484 |  15 |  915.1 |
       Dungeon |  12128 |  10945 |   1183 |   2259 |   4275 |  11 | 1102.5 |
        Temple |     24 |      9 |     15 |      0 |      0 |   1 |   24.0 |
          Lair |   1235 |    487 |    748 |    108 |    209 |   2 |  617.5 |
         Sewer |    339 |    339 |      0 |     20 |      0 |   1 |  339.0 |
               +--------+--------+--------+--------+--------+-----+--------+

Top non-repeatable levels by time:
     D:6: 2050 daAuts
     D:5: 1819 daAuts
    D:10: 1410 daAuts
     D:7: 1271 daAuts
  Lair:1: 1233 daAuts
     D:8: 928 daAuts
     D:3: 907 daAuts
     D:4: 794 daAuts
    D:11: 768 daAuts
     D:1: 746 daAuts
     D:2: 716 daAuts
     D:9: 715 daAuts
   Sewer: 339 daAuts
  Temple: 24 daAuts
  Lair:2: 1 daAuts
